 Dungeon Crawl Stone Soup version 0.22-a0-192-g6ffc940 (webtiles) character file.

1 4thArraOfDagon the Vexing (level 1, -3/9 HPs)
             Began as a Felid Wanderer on Feb 16, 2018.
             Slain by a kobold
             ... wielding a +0 short sword
              (6 damage)
             ... on level 1 of the Dungeon.
             The game lasted 00:00:18 (35 turns).

4thArraOfDagon the Vexing (Felid Wanderer)            Turns: 35, Time: 00:00:19

Health: -3/9       AC:  1    Str:  6    XL:     1   Next: 16%
Magic:  4/4        EV: 16    Int: 14    God:
Gold:   0          SH:  0    Dex: 16    Spells: 4/4 levels left
                                        Lives:  0   Deaths: 0

rFire    . . .     SeeInvis +   (weapon unavailable)
rCold    . . .     Gourm    .   (shield unavailable)
rNeg     . . .     Faith    .   (armour unavailable)
rPois    .         Spirit   .   (helmet unavailable)
rElec    .         Reflect  .   (cloak unavailable)
rCorr    +         Harm     .   (gloves unavailable)
MR       .....                  (boots unavailable)
Stlth    ++........             (no amulet)
HPRegen  0.03/turn              d - ring of resist corrosion
MPRegen  0.09/turn              (no ring)

@: quick
A: very small, no armour, no weapons or thrown items, stealth, claws 1, fangs 3,
see invisible, carnivore, speed 1, shaggy fur 1, slow metabolism 1, sharp paws
a: no special abilities


You were on level 1 of the Dungeon.
You were not hungry.

You visited 1 branch of the dungeon, and saw 1 of its levels.

Inventory:

Jewellery
 d - a ring of resist corrosion (left paw)
Potions
 a - a potion of haste
 b - a potion of curing
Comestibles
 c - a ration


   Skills:
 - Level 2.0 Fighting
 - Level 1.3 Dodging
 - Level 1.3 Stealth
 * Level 0.4 Unarmed Combat
 - Level 2.0 Spellcasting
   Level 4.4 Hexes
   Level 1.1 Evocations


You had 4 spell levels left.
You didn't know any spells.

Dungeon Overview and Level Annotations

Branches:
Dungeon (1/15)

Altars:


Innate Abilities, Weirdness & Mutations

You cannot wear armour.
You are incapable of wielding weapons or throwing items.
Your paws allow you to move quietly. (Stealth)
You have sharp claws.
You have razor-sharp teeth.
You have supernaturally acute eyesight. (SInv)
You are carnivorous and can eat meat at any time.
You cover ground quickly.
You are covered in fur. (AC +1)
You have a slow metabolism.
Your sharp claws are effective at attacking unaware monsters.


Message History

You see here a stone.
Unknown command.
Okay, then.
Unknown command.
You closely miss the goblin. The goblin hits you.
You scratch the goblin.
The goblin is severely wounded.
The goblin hits you.
You scratch the goblin but do no damage.
The goblin is severely wounded.
The goblin barely misses you.
You closely miss the goblin.
The goblin is severely wounded.
The goblin hits you.
You scratch the goblin.
You kill the goblin!
You barely miss the kobold. Your bite misses the kobold.
The kobold hits you with a short sword.
Ouch! That really hurt!
You die...

#♣#♣#.♣.#####
♣...........♣ .....#
#...........♣ ..$...##.
♣..###'###..♣ .........
#..#.....#..♣♣ #........
#...#.....#...#♣ #........
.♣..#.<...+..#.###........
#...#.....#...#.##.....#
♣♣..#.....#..#♣.@Kr....#
#..#######..♣♣###(....#
....# #....#... ......
#....# ♣.#♣♣## #....# .#
#.....# ###.r... ...#.#
....g.


You could see a kobold and a rat.

Vanquished Creatures
  A goblin (D:1)
1 creature vanquished.

Notes
Turn   | Place    | Note
-------+----------+-------------------------------------------
     0 | D:1      | 4thArraOfDagon the Felid Wanderer began the quest for the Orb.
     0 | D:1      | 4thArraOfDagon set off with: a potion of haste, a potion of curing, a ration
     0 | D:1      | Reached XP level 1. HP: 9/9 MP: 4/4
    35 | D:1      | Slain by a kobold

Vault maps used:
D:1:      saegor_arrival_under_anarchy, st_stairs_11

Action                   || total
-------------------------++-------
Melee: Unarmed           ||     6
       Bite              ||     1
Dodge: Dodged            ||     2

Table legend:
 A = Spawn XP
 B = Non-spawn XP
 C = Spawn XP percentage of total XP
 D = Spawn monster count
 E = Non-spawn monster count
 F = Spawn count percentage of total count
 G = Total turns spent on level
                    A         B        C        D         E        F      G
               +---------+---------+-------+---------+---------+-------+---------
         Total |       0 |       2 |   0.0 |       0 |       1 |   0.0 |    35
               +---------+---------+-------+---------+---------+-------+---------
           D:1 |       0 |       2 |   0.0 |       0 |       1 |   0.0 |    35
               +---------+---------+-------+---------+---------+-------+---------
